 Dungeon Crawl Stone Soup version 0.30-a0-782-ge64f9170bb (webtiles) character file.

Game seed: 13100855676315488189

82 Dirian the Covered (level 4, -5/36 (40) HPs)
             Began as a Minotaur Fighter on Mar 6, 2023.
             Slain by a kobold brigand
             ... wielding a +2 dagger of draining
              (9 damage)
             ... on level 3 of the Dungeon.
             The game lasted 00:04:10 (2101 turns).

Dirian the Covered (Minotaur Fighter)               Turns: 2101, Time: 00:04:10

HP:   -5/36 (40)    AC:  7    Str: 29    XL:     4   Next: 21%
MP:   3/3           EV:  9    Int:  5    God:
Gold: 25            SH:  4    Dex:  9    Spells: 3/3 levels left

rFire   . . .      SeeInvis .    a - +0 war axe
rCold   . . .      Faith    .    c - +0 buckler
rNeg    . . .      Spirit   .    b - +0 scale mail
rPois   .          Reflect  .    (helmet restricted)
rElec   .          Harm     .    (no cloak)
rCorr   .          Rampage  .    (no gloves)
Will    .....                    (no boots) Stlth
                                 (no amulet)
HPRegen 0.26/turn                q - +6 ring of strength
MPRegen 0.08/turn                (no ring)

@: mighty, slowed, heavily drained, very slow
A: horns 2, retaliatory headbutt
a: no special abilities


You were on level 3 of the Dungeon.
You visited 1 branch of the dungeon, and saw 3 of its levels.

You collected 25 gold pieces.

Inventory:

Hand Weapons
 a - a +0 war axe (weapon)
Armour
 b - a +0 scale mail (worn)
 c - a +0 buckler (worn)
 j - a +0 chain mail
Jewellery
 q - a +6 ring of strength (left hand)
 s - a ring of ice
Scrolls
 e - a scroll of poison {unknown}
 f - a scroll of fear {unknown}
 g - a scroll of enchant weapon {unknown}
 i - a scroll of brand weapon {unknown}
 k - a scroll of teleportation {unknown}
 l - a scroll of enchant armour {unknown}
 n - a scroll of summoning {unknown}
 u - a scroll of magic mapping {unknown}
Potions
 h - a potion of mutation {unknown}
 m - a potion of curing {unknown}
 o - a potion of berserk rage {unknown}
 p - a potion of magic {unknown}
 r - 2 potions of lignification {unknown}
 t - a potion of flight {unknown}
 v - a potion of ambrosia {unknown}


   Skills:
 + Level 4.1 Fighting
 + Level 3.3 Axes
 + Level 4.9 Armour
 + Level 0.3 Dodging
 + Level 4.1 Shields


You had 3 spell levels left.
You didn't know any spells.
Your spell library was empty.

Dungeon Overview and Level Annotations

Branches:
Dungeon (3/15) Zot: 15848

Altars:
Makhleb
Uskayaw

Shops:
D:1 *[(=(   D:2 =


Innate Abilities, Weirdness & Mutations

You have a pair of horns on your head.
You reflexively headbutt those who attack you in melee.


Message History

You are too injured to fight recklessly!
You are too injured to fight recklessly!
You are too injured to fight recklessly!
You are too injured to fight recklessly!
You are too injured to fight recklessly!
You are too injured to fight recklessly!
Found a plate armour and a scroll labelled POMPEY MUFASCH.
You feel sick.
You closely miss the kobold brigand. You hit the kobold brigand.
You feel very sick. The kobold brigand barely misses you.
The kobold brigand hits you with a +2 dagger of draining.
You feel drained. The kobold brigand barely misses you.
The kobold brigand hits you with a +2 dagger of draining.
You feel drained. The kobold hits you but does no damage.
You closely miss the kobold brigand. x2; You hit the kobold.
You kill the kobold!
You feel sick.
The kobold brigand hits you with a +1 dagger of speed.
The kobold brigand barely misses you.
The kobold brigand hits you with a +1 dagger of speed.
* * * LOW HITPOINT WARNING * * *
The kobold brigand barely misses you.
The kobold brigand hits you with a +2 dagger of draining.
* * * LOW HITPOINT WARNING * * *
You feel drained.
* * * LOW HITPOINT WARNING * * *
The kobold brigand hits you but does no damage.
You feel very mighty all of a sudden.
You feel sick.
You are no longer poisoned.
The kobold brigand barely misses you. You furiously retaliate!
You headbutt the kobold brigand!!
The kobold brigand hits you but does no damage.
You block the kobold brigand's attack. x2
You slash the kobold brigand!
The kobold brigand is heavily wounded.
You miss the kobold brigand. The kobold brigand closely misses you.
The kobold brigand hits you with a +2 dagger of draining!
You die...

#....###.#
#~~#..######...'....
'....'...# #~##..#
#####....
#....#########~#..##
#....
...............#))#
#.###
############...#..#
#.## # #(#.#..#
#..## # #.###..# ~#
#####..#
#.##..##~~~#
#.....>.
#.##K@#≈≈~~#
#.######
#.##)K##≈≈~# #.####
#.###.. ~~# #....#
########## #.# #..#
## ####.# .........#
#.# ##.. #.#
########.###.# ..#
#.# #.....# ![#
######.# ####### [?#
#......#
##################
#.######


You could see 2 kobold brigands.

Vanquished Creatures
  3 adders
  A worm (D:2)
  2 dart slugs (D:3)
  An orc (D:3)
  3 ball pythons
  3 giant cockroaches
  3 goblins
  3 hobgoblins
  2 jackals (D:2)
  10 kobolds
  2 quokkas (D:3)
  8 bats
  A frilled lizard (D:1)
  5 rats
47 creatures vanquished.

Vanquished Creatures (others)
  2 plants (D:1)
2 creatures vanquished.

Grand Total: 49 creatures vanquished

Notes
Turn   | Place    | Note
-------+----------+-------------------------------------------
     0 | D:1      | Dirian the Minotaur Fighter began the quest for the Orb.
     0 | D:1      | Reached XP level 1. HP: 19/19 MP: 0/0
    73 | D:1      | Found Ziupuoz's Antique Weapon Shop.
   132 | D:1      | Found Baryif's Jewellery Shop.
   172 | D:1      | Found Quaqaig's Antique Weapon Shoppe.
   211 | D:1      | Found Baasotz's Antique Armour Emporium.
   297 | D:1      | Found Tuwkuun's General Store.
   402 | D:1      | Reached XP level 2. HP: 26/26 MP: 1/1
   903 | D:2      | Found Veora's Jewellery Boutique.
  1044 | D:2      | Found a faded altar of an unknown god.
  1173 | D:2      | Reached XP level 3. HP: 9/33 MP: 2/2
  1466 | D:3      | Found a faded altar of an unknown god.
  1473 | D:3      | Found a burning altar of Makhleb.
  1922 | D:3      | Reached XP level 4. HP: 37/40 MP: 3/3
  1970 | D:3      | Found a hide-covered altar of Uskayaw.
  2094 | D:3      | Noticed a kobold brigand
  2095 | D:3      | Noticed a kobold brigand
  2101 | D:3      | Slain by a kobold brigand

Illustrated notes

Levels and vault maps discovered:
D:1:      dpeg_arrival_three_same_balls, layout_rooms, serial_shops,
          shop_fountains, nicolae_lakefront_shop, shop, shop, shop,
          serial_forest, infiniplex_forest_clump_diagonal,
          infiniplex_forest_straight_2, infiniplex_forest_straight_1,
          infiniplex_forest_straight_4, infiniplex_forest_zigzag_1,
          infiniplex_forest_clump_double, minmay_misc_feat_pillars
D:2:      layout_basic, chequers_ecumenical_altar_simple, serial_shops,
          nicolae_shop_behind_doors
D:3:      cheibrodos_thug_alley, layout_basic, vehumet_statue,
          nicolae_uskayaw_dance_hall, nicolae_overflow_ecumenical_swirl

Skill      XL: |  1  2  3  4 |
---------------+-------------+-----
Armour         | 4 |  4.9
Fighting       | 4 |  4.1
Axes           | 3 |  3.3
Shields        | 4 |  4.1
Dodging        | |  0.3

Action                     |  1- 3 |  4- 6 || total
---------------------------+-------+-------++-------
  Melee: War axe           |    83 |    12 ||    95
         Headbutt          |     8 |       ||     8
    Use: Potion            |       |     1 ||     1
 Armour: Scale mail        |    53 |     7 ||    60
  Dodge: Dodged            |    40 |     8 ||    48
  Block: Buckler           |    16 |     4 ||    20

Table legend: (Time is in decaauts)
 A = Elapsed time spent in this place.
 B = Non-inter-level travel time spent in this place.
 C = Inter-level travel time spent in this place.
 D = Time resting spent in this place.
 E = Time spent auto-exploring this place.
 F = Levels seen in this place.
 G = Mean time per level.
                   A        B        C        D        E       F      G
               +--------+--------+--------+--------+--------+-----+--------+
         Total |   2149 |   2078 |     71 |      0 |   1716 |   3 |  716.3 |
       Dungeon |   2149 |   2078 |     71 |      0 |   1716 |   3 |  716.3 |
               +--------+--------+--------+--------+--------+-----+--------+

Top non-repeatable levels by time:
     D:2: 785 daAuts
     D:1: 696 daAuts
     D:3: 667 daAuts
